AoeStats
← arthur

Arabia

503133206Analyzed
2v2 RM · 1mo ago on Aug 30, 2026· 48m 44s· 4 players
Game mode
Random Map
Map size
Medium (4 player)
Population
200
Speed
Normal
Resources
Standard
Victory
Conquest
Starting age
Dark Age
Ending age
Imperial Age
RankedLock teamsTeams togetherTeam positionsShared explorationLock speedFull tech treeHidden civsTurbo modeCheats
Victory
Defeat
🇨🇳 Franks · China
1317
+15
🇫🇷 Goths · France
1297
+16
🇦🇺 Magyars · Australia
1298
-16
🇦🇺 Mongols · Australia
1284
-15
Gravity Cat
6:17 Loom
9:35 Feudal Age
10:29 Double-Bit Axe
11:05 Horse Collar
18:40 Gold Mining
21:00 Castle Age
19:24 Padded Archer Armor
20:14 Bloodlines
21:20 Fletching
22:25 Husbandry
22:16 Town Watch
22:32 Bodkin Arrow
24:30 Thumb Ring
28:42 Scale Barding Armor
30:01 Leather Archer Armor
32:44 Wheelbarrow
35:39 Stone Mining
38:05 Hand Cart
40:42 Imperial Age
40:19 Gold Shaft Mining
40:15 Town Patrol
41:13 Ballistics
41:15 Corvinian Army
41:24 Recurve Bow
41:25 Corvinian Army
41:47 Conscription
41:29 Bracer
41:02 Heavy Cavalry Archer
42:39 Parthian Tactics
Bottesinibro
6:22 Loom
7:11 Loom
9:59 Feudal Age
10:30 Double-Bit Axe
10:26 Horse Collar
19:42 Bloodlines
22:09 Castle Age
21:33 Bloodlines
21:24 Gold Mining
23:44 Wheelbarrow
25:22 Scale Barding Armor
27:15 Husbandry
30:58 Forging
33:15 Chain Barding Armor
33:30 Iron Casting
36:39 Iron Casting
35:55 Fletching
36:32 Bow Saw
36:28 Heavy Plow
37:59 Hand Cart
42:47 Imperial Age
40:31 Bodkin Arrow
40:47 Stone Mining
41:39 Padded Archer Armor
42:21 Stone Shaft Mining
43:03 Thumb Ring
43:17 Leather Archer Armor
43:49 Conscription
42:53 Cavalier
44:44 Ballistics
44:49 Elite Mangudai
46:55 Chemistry
46:07 Masonry
46:44 Heavy Camel Rider
48:15 Capped Ram
arthur
0:32 Loom
14:02 Feudal Age
14:59 Double-Bit Axe
14:56 Horse Collar
19:08 Wheelbarrow
23:18 Castle Age
21:33 Stone Mining
21:35 Gold Mining
22:45 Scale Mail Armor
24:23 Bow Saw
24:19 Heavy Plow
24:34 Squires
24:51 Chain Mail Armor
26:35 Fletching
31:02 Town Watch
32:24 Pikeman
33:44 Forging
35:06 Iron Casting
37:23 Imperial Age
35:40 Hand Cart
36:10 Anarchy
39:06 Blast Furnace
37:28 Elite Huskarl
38:55 Crop Rotation
39:10 Conscription
40:14 Two-Man Saw
40:54 Stone Shaft Mining
40:51 Halberdier
42:33 Bodkin Arrow
43:24 Ballistics
44:04 Chemistry
43:40 Bracer
43:43 Padded Archer Armor
43:12 Elite Skirmisher
44:59 Leather Archer Armor
46:37 Ring Archer Armor
47:31 Bloodlines
47:22 Husbandry
46:44 Light Cavalry
47:52 Scale Barding Armor
48:17 Masonry
48:36 Hussar
49:37 Chain Barding Armor
76561198441903662
6:45 Loom
9:26 Feudal Age
10:13 Double-Bit Axe
13:33 Town Watch
14:57 Scale Barding Armor
22:28 Castle Age
20:38 Gold Mining
23:39 Chain Barding Armor
23:42 Bow Saw
24:17 Gold Shaft Mining
24:22 Pikeman
28:47 Wheelbarrow
28:15 Town Patrol
29:10 Scale Mail Armor
30:24 Stone Mining
33:40 Chain Mail Armor
33:36 Forging
40:13 Imperial Age
38:00 Hand Cart
40:44 Cavalier
41:56 Husbandry
42:41 Conscription
43:59 Plate Barding Armor
44:00 Iron Casting
43:21 Paladin
44:45 Halberdier
46:46 Plate Mail Armor
47:17 Blast Furnace
Connection lost

Rejoining the realm…

Still unreachable

The connection could not be restored.

Session expired

The server has moved on; the page needs a fresh start.